Cogmind - Beta 13 @@@ ROGUE MODE // 2024.04.10 @ 19:13:07 // Winter2022/Polymind Player: Evilsquid Result: Self-destructed Performance ------------- Evolutions (1) 500 Regions Visited (2) 400 Robots Destroyed (7) 35 Value Destroyed (171) 171 Prototype IDs (0) 0 Alien Tech Used (0) 0 Bonus (760) 760 TOTAL SCORE: 1776 Bonus ------- Polymind Skill 760 Cogmind --------- Core Integrity 400/400 Matter 0/0 Energy 50/50 System Corruption 0% Temperature Cool (51) Movement Walking (120) Location -9/Materials Parts ------- > --- POWER (1) -------- (None) > --- PROPULSION (2) --- Aluminum Leg Aluminum Leg > --- UTILITY (1) ------ (None) > --- WEAPON (1) ------- (None) > --- INVENTORY (1) ---- (None) Peak State ------------ > --- POWER ------------ Light Nuclear Core > --- PROPULSION ------- Aluminum Leg Aluminum Leg > --- UTILITY ---------- Improved Heat Sink > --- WEAPON ----------- Particle Gun > --- INVENTORY -------- (None) [Rating: 10] Favorites ----------- Power Light Nuclear Core Engine Ion Engine Power Core Light Nuclear Core Propulsion Aluminum Leg Treads Light Treads Leg Aluminum Leg Wheel Wheel Flight Unit Flight Unit Utility Improved Heat Sink Device Improved Heat Sink Storage Medium Storage Unit Processor Transport Network Coupler Weapon Particle Gun Energy Gun Particle Gun Ballistic Gun Light Assault Rifle Special Weapon Mining Laser Build | -11 -10 -9 ------- Run | Yrd Mat Mat Slots Evolved . | . . . Power . | . . . Propulsion . | . . . Utility . | . . . Weapon . | . . . Parts Attached . | . . . Power . | . . . Engine . | . . . Core . | . . . Reactor . | . . . Propulsion . | . . . Treads . | . . . Leg . | . . . Wheel . | . . . Hover . | . . . Flight . | . . . Utility . | . . . Device . | . . . Storage . | . . . Processor . | . . . Hackware . | . . . Protection . | . . . Artifact . | . . . Weapon . | . . . Energy Gun . | . . . Energy Cannon . | . . . Ballistic Gun . | . . . Ballistic Cannon . | . . . Launcher . | . . . Special Weapon . | . . . Impact Weapon . | . . . Slashing Weapon . | . . . Piercing Weapon . | . . . Special Melee Weapon . | . . . Unidentified Prototypes . | . . . Parts Lost 3 | . . 3 Power 1 | . . 1 Propulsion . | . . . Utility 1 | . . 1 Weapon 1 | . . 1 Highest Loss Streak 3 | . . 3 To Critical Strikes . | . . . Average Slot Usage (%) 98 | . 100 88 Engine 6 | . 8 . Core 10 | . 10 14 Treads 10 | . 12 . Leg 23 | . 20 40 Wheel 1 | . 1 . Flight 2 | . 2 . Device 17 | . 18 17 Storage 4 | . 5 . Processor 4 | . 5 . Energy Gun 11 | . 10 17 Ballistic Gun 1 | . 1 . Naked Turns . | . . . Heaviest Build 15 | 6 15 9 Greatest Support 46 | 20 46 20 Greatest Overweight (x) . | . . . Average Overweight (x) . | . . . Largest Inventory Capacity 6 | . 6 1 Average Capacity 2 | . 2 1 Most Carried 6 | . 6 . Average Carried 1 | . 1 . Final Capacity 1 | . 1 1 Final Carried . | . . . Class Distribution -------------------- 58% | Grunt 30% | Hauler 6% | Swarmer 4% | Tunneler Dominant Class ---------------- Grunt | -10/Materials Grunt | -9/Materials Resources | -11 -10 -9 ----------- Run | Yrd Mat Mat Matter Collected 7 | . 7 . Remotely . | . . . Salvage Created 175 | . 175 . Parts 12 | . 12 . Haulers Intercepted . | . . . Recyclers Shooed . | . . . Parts Field Recycled . | . . . Retrieved Matter . | . . . Parts Self-Destructed . | . . . Prevented . | . . . Kills | -11 -10 -9 ------- Run | Yrd Mat Mat Combat Hostiles Destroyed 6 | . 6 . Guns 6 | . 6 . Classes Destroyed 3 | . 3 . Watcher 1 | . 1 . Swarmer 3 | . 3 . Grunt 3 | . 3 . Best Kill Streak 3 | . 3 . Combat Bots Only 2 | . 2 . Max Kills in Single Turn 1 | . 1 . Gunslinging . | . . . Exploded . | . . . Melee . | . . . Uniques/NPCs Destroyed . | . . . Combat | -11 -10 -9 -------- Run | Yrd Mat Mat Hostile Shots Fired 42 | . 27 15 Missed 18 | . 11 7 Damage Taken 287 | . 180 107 Core 27 | . 27 . Absorbed by Shields . | . . . Core Remaining (%) 94 | 100 89 . Volleys Fired 36 | . 30 6 Largest 1 | . 1 1 Hottest 65 | . 65 65 Shots Fired 36 | . 30 6 Gun 36 | . 30 6 Cannon . | . . . Launcher . | . . . Special . | . . . Kinetic 7 | . 7 . Thermal 29 | . 23 6 Explosive . | . . . Electromagnetic . | . . . Robot Hit Streak 8 | . 8 2 Robot Miss Streak 4 | . 3 4 Penetration Max . | . . . Secondary Targets . | . . . Shots Hit Robots 22 | . 19 3 Core Hits 11 | . 10 1 Critical Kills . | . . . Critical Parts Destroyed . | . . . Critical Strikes 1 | . 1 . Burn 1 | . 1 . Melee Attacks . | . . . Impact . | . . . Slashing . | . . . Piercing . | . . . Sneak Attacks . | . . . Combat Hostiles . | . . . Follow-up Attacks . | . . . Damage Inflicted 342 | . 278 64 Guns 342 | . 278 64 Cannons . | . . . Explosions . | . . . Melee . | . . . Ramming . | . . . Kinetic 28 | . 28 . Thermal 314 | . 250 64 Explosive . | . . . Electromagnetic . | . . . Impact . | . . . Slashing . | . . . Piercing . | . . . Highest Corruption 4 | . 4 . Average Corruption 3 | . 3 . Corruption Purged . | . . . Corruption Blocked . | . . . Effects 2 | . 2 . Message Errors 1 | . 1 . Data Loss (major) 1 | . 1 . Overload Shots . | . . . Overflow Damage . | . . . Projectiles . | . . . Explosions . | . . . Melee . | . . . Knockbacks . | . . . Impact . | . . . Kinetic . | . . . Secondary . | . . . Self-Inflicted Damage . | . . . Shots . | . . . Rammed . | . . . Targets Rammed . | . . . Kicked . | . . . Crushed . | . . . Highest Temperature 51 | . 36 51 Average Temperature 18 | . 16 25 Received Heat Transfer 135 | . 78 57 Siege Activations . | . . . Robots Corrupted . | . . . Combat Hostiles . | . . . Parts Fried . | . . . Impact Corruptions . | . . . Robots Melted . | . . . Combat Hostiles . | . . . Parts Melted 1 | . 1 . Heat Transferred 777 | . 629 148 Parts Sabotaged . | . . . Parts Stolen . | . . . Parts Stripped . | . . . Power Chain Reactions . | . . . Alert | -11 -10 -9 ------- Run | Yrd Mat Mat Peak Influence 208 | . 208 207 Initial 87 | . . 87 Average 89 | . 83 139 Maximum Alert Level 1 | . 1 1 Low Security (%) 86 | 100 88 74 Level 1 13 | . 11 25 Level 2 . | . . . Level 3 . | . . . Level 4 . | . . . Level 5 . | . . . High Security . | . . . Max Security . | . . . Squads Dispatched . | . . . Investigation . | . . . Extermination . | . . . Reinforcement . | . . . Assault . | . . . Garrison . | . . . Intercept . | . . . Searches Triggered . | . . . Construction Impeded . | . . . Haulers Reinforced . | . . . Active Scanning Responses . | . . . Cargo Convoy Interrupts . | . . . Stealth | -11 -10 -9 --------- Run | Yrd Mat Mat Distress Signals 2 | . 1 1 Communications Jammed . | . . . Distress Signals . | . . . Times Spotted 16 | . 11 5 Peak Tracking Total 4 | . 3 4 Tactical Retreats . | . . . Traps | -11 -10 -9 ------- Run | Yrd Mat Mat Traps Triggered 2 | . 2 . Indirectly . | . . . Trap Hack Attempts . | . . . Triggered . | . . . Disarmed . | . . . Reprogrammed . | . . . Reused . | . . . Traps Extracted . | . . . Installed . | . . . Triggered . | . . . Machines | -11 -10 -9 ---------- Run | Yrd Mat Mat Machines Disabled 1 | . 1 . Max in Single Turn 1 | . 1 . Machines Repaired . | . . . Machines Dismantled . | . . . Machines Sabotaged . | . . . Overloaded Fab Kills . | . . . Hacking | -11 -10 -9 --------- Run | Yrd Mat Mat Machines Accessed . | . . . Terminals . | . . . Fabricators . | . . . Repair Stations . | . . . Recycling Units . | . . . Scanalyzers . | . . . Garrison Access . | . . . Total Hacks . | . . . Successful . | . . . Failed . | . . . Catastrophic . | . . . Database Lockouts . | . . . Manual . | . . . Terminals . | . . . Fabricators . | . . . Repair Stations . | . . . Recycling Units . | . . . Scanalyzers . | . . . Garrison Access . | . . . Terminal Hacks . | . . . Fabricator Hacks . | . . . Repair Station Hacks . | . . . Recycling Unit Hacks . | . . . Scanalyzer . | . . . Garrison Access Hacks . | . . . Unauthorized Hacks . | . . . Terminals . | . . . Fabricators . | . . . Repair Stations . | . . . Recycling Units . | . . . Scanalyzers . | . . . Garrison Access . | . . . Data Cores Recovered . | . . . Used . | . . . Hacking Detections . | . . . Full Trace Events . | . . . Feedback Events . | . . . Feedback Blocked . | . . . Robot Schematics Acquired . | . . . Robots Built . | . . . Authchips . | . . . Time . | . . . Total Robot Build Rating . | . . . Part Schematics Acquired . | . . . Parts Built . | . . . Authchips . | . . . Time . | . . . Total Part Build Rating . | . . . Parts Repaired . | . . . Time . | . . . Parts Recycled . | . . . Recycled Matter . | . . . Retrieved Matter . | . . . Retrieved Components . | . . . Parts Scanalyzed . | . . . Part Schematics Acquired . | . . . Parts Damaged . | . . . Bothacking | -11 -10 -9 ------------ Run | Yrd Mat Mat Used RIF Installer . | . . . Robots Hacked 3 | . 3 . Non-combat 1 | . 1 . Combat 2 | . 2 . Robot Hacks Applied 3 | . 3 . locate_stockpiles 1 | . 1 . find_shortcuts 2 | . 2 . Relay Couplers Released . | . . . Fabnet Peak Effective % . | . . . Robots Rewired . | . . . Allies Hacked . | . . . Hacks Repelled . | . . . Allies | -11 -10 -9 -------- Run | Yrd Mat Mat Total Allies . | . . . Largest Group . | . . . Highest-Rated Group . | . . . Highest-Rated Ally . | . . . Total Orders . | . . . Ally Attacks . | . . . Total Damage . | . . . Kills . | . . . Allies Corrupted . | . . . Allies Melted . | . . . Intel | -11 -10 -9 ------- Run | Yrd Mat Mat Robot Analysis Total 4 | 1 3 . Derelict Logs Recovered . | . . . Drone Launches . | . . . Drone Recoveries . | . . . Exploration | -11 -10 -9 ------------- Run | Yrd Mat Mat Turns Passed 430 | 17 342 71 Spaces Moved 315 | 29 238 48 Core 24 | 23 1 . Treads 74 | . 74 . Legs 150 | . 102 48 Wheels 29 | 6 23 . Hover . | . . . Flight 38 | . 38 . Fastest Speed 37 | 50 37 120 Average Speed 110 | 56 115 120 Slowest Speed 160 | 80 160 120 Overloaded Moves . | . . . Propulsion Burnouts . | . . . Robots Hopped . | . . . Cave-ins Triggered . | . . . Exploration Rate (%) 18 | 4 43 9 Regions Visited 2 Branch Regions . Pre-discovered Areas . | . . . Known Exits Taken . | . . . Unknown Exits Taken 2 | 1 1 . Scrap Searched . | . . . Spaces Dug . | . . . Terrain Destroyed . | . . . Melee . | . . . Projectile . | . . . AOE . | . . . Terrain Rammed . | . . . Walls Destroyed . | . . . Machines Disabled . | . . . Actions | -11 -10 -9 --------- Run | Yrd Mat Mat Total 364 | 29 280 55 Wait 9 | 1 7 1 Move 313 | 28 237 48 Hop . | . . . Pick Up . | . . . Fast Attach . | . . . Attach . | . . . Detach . | . . . Swap . | . . . Drop 6 | . 6 . Fire 36 | . 30 6 Melee . | . . . Ram . | . . . Kick . | . . . Crush . | . . . Escape Stasis . | . . . Rewire . | . . . Trap . | . . . Miscellaneous . | . . . Route ------- -11/Scrapyard -10/Materials (discovered 2 exits: [*Mat] / [*Min]) -9/Materials History --------- Turn | Location | Event 7 | -11/Scrapyard | Discovered new exit (range 15) 18 | -11/Scrapyard | Entered Materials 215 | -10/Materials | Discovered new exit (range 16) 342 | -10/Materials | Discovered new exit (range 15) 360 | -10/Materials | Entered another Materials area 431 | -9/Materials | Self-destructed Last Messages --------------- 00316_ G-47 Trooper destroyed. 00316_ R-06 Scavenger inserts Lgt. Assault Rifle into recycling unit. 00318_ System corrupted: Substantial component data lost. 00319_ R-06 Scavenger inserts Lgt. Assault Rifle into recycling unit. 00322_ R-06 Scavenger inserts Flight Unit into recycling unit. 00326_ R-06 Scavenger collects Particle Gun. 00330_ R-06 Scavenger collects Imp. Heat Sink. 00342_ EXIT=FOUND 00347_ U-05 Engineer builds a Door. LOCATION=UNKNOWN GOAL=ESCAPE 00400_ K-01 Serf collects debris. 00400_ O-16 Technician: "IFF HANDSHAKE FAILED. SECURING TERMINAL." 00403_ K-01 Serf cleans the Electrolysis Chamber. 00406_ O-16 Technician sends out distress signal. 00410_ K-01 Serf cleans the Electrolysis Chamber. 00414_ K-01 Serf collects debris. 00419_ Lgt. Nuclear Core destroyed. 00423_ Imp. Heat Sink destroyed. 00429_ Particle Gun destroyed. Map ----- +----------------------------------------------------+ | ?????????????????????????????????????????????????? | | ?????????????????????????????????????????????????? | | ?????????????????????????????????????????????????? | | ?????????????????????????????????????????????????? | | ?????????????????????????????????????????????????? | | ?????????????????????????????????????????????????? | | ?????????????????????????????????????????????????? | | ?????????????????????????????????????????????????? | | ?????????????????????????????????????????????????? | | ?????????????????????????????????????????????????? | | ??????????????????????? ???????????????????????? | | ??????????????????????# ???????????????????????? | | ??????????????????????# ???????????????????????? | | ?????????????????????? #??????????????????????? | | ?????????????????????? g #??????????????????????? | | ?????????????????????? #??????????????????????? | | ??????????????????????# #??????????????????????? | | ??????????????????????# #??????????????????????? | | ??????????????????????#wg #??????????????????????? | | ??????????????????????# #??????????????????????? | | ??????????????????????# #??????????????????????? | | ??????????????????????# #??????????????????????? | | ??????????????????????# #??????????????????????? | | ??????????????????????# #########??????????????? | | ??????????????????????# # #?????????????? | | ??????????#######?#+#?# g# """ #?????????????? | | ??????????# ### ### # """ #?????????????? | | ??????????# # """ #?????????????? | | ??????????# t + #?????????????? | | ??????????# # """ #?????????????? | | ??????????# ########### """ #?????????????? | | ??????????## ########???# """ #?????????????? | | ???????????# # #???# ?????????????? | | ???????????# + """ #???#########??????????????? | | ???????????# # """ #??????????????????????????? | | ???????????# # """ #??????????????????????????? | | ???????????# #? #??????????????????????????? | | ???????????# #? [ #??????????????????????????? | | ???????????# #??#####??????????????????????????? | | ???????????# #?????????????????????????????????? | | ??? ? ????# #?????????????????????????????????? | | ?# """# #?????????????????????????????????? | | ??# + #?????????????????????????????????? | | ??# """# #?????????????????????????????????? | | ??# """# #?????????????????????????????????? | | ??# = ""?# #?????????????????????????????????? | | ????? ?# #?????????????????????????????????? | | ?????#/##### #?????????????????????????????????? | | ?????# #?????????????????????????????????? | | ?????#+##### #?????????????????????????????????? | +----------------------------------------------------+ Best States ------------- Heat Dissipation 43 Energy Generation 19 Energy Capacity 175 Matter Stores 100 Matter Capacity 100 Sight Range 16 Terrain Scan Range 16 Terrain Scan Density 10 Additional Mass Support 6 Evasion (%) 62 Recoil Reduction 2 Item Schematics ----------------- None Robot Schematics ------------------ None Fabricated ------------ Nothing Alien Tech Used ----------------- None Achievements -------------- None Challenges ------------ None Polymind | -11 -10 -9 ---------- Run | Yrd Mat Mat Hosts 4 | 1 3 . Combat Hostiles 2 | . 2 . Allies . | . . . Unique Host Classes 4 | 1 3 . Average Host Suspicion 65 | . 67 60 Unsuspicious Activity 4 | 2 2 . Returns to Shadow . | . . . Fuzzy Dispatches . | . . . Protomatter Created 19 | . 19 . Used 46 | 5 41 . Decayed . | . . . Highest Spend 30 | 5 30 . Top 5 Hosts by Kills: G-47 Trooper (-10/Materials: 4) S-10 Pest (-10/Materials: 2) Game ------ Seed AssaultStorageSlayer Manual? 0 Play Time 00:05:56 Cumulative 68.8 hours Start 2024.04.10 @ 19:07:50 End 2024.04.10 @ 19:13:07 Sessions 1 Manual Loads 0 Difficulty Rogue Special Mode Winter2022/Polymind Game No. 67 Rogue 67 Adventurer 0 Explorer 0 Win Type - Total 1 Types 1/0/0/0/0/0/0/0/0 Lore% 31 Gallery% 46 Achievement% 40 Wizard Run 0 Options --------- Layout 0 ASCII 0 Keyboard 1 Movement Numpad Keybinds 0 Fullscreen 2 Font 24/Smallcaps Map View 76x50 Zoom Use 0% Tactical HUD 1 Map Filters NONE Filters NONE Steam 1 RUN: a787e25c-9aab-48d1-9e3e-7dbea2253172